Avalanche vs RedWings

Created - April 15 2010 at 18:07

Goals
1 2 3 OT1 T
Avalanche 1 0 0 0 1
RedWings 0 0 1 1 2
Shots
1 2 3 OT1 T
Avalanche 7 2 2 6 17
RedWings 4 14 14 2 34

Period #1

1. Avalanche , Tim Connolly 1 (Kyle Quincey) at 17:56

Penalties :
Jarome Iginla (DET) for Fighting (Major) at 2:43, Cam Barker (COL) for Fighting (Major) at 2:43, Ryan Getzlaf (DET) for Holding (Minor) at 11:57, Joe Corvo (COL) for Tripping (Minor) at 14:19, Kyle Quincey (COL) for Tripping (Minor) at 18:46

Period #2

No Goal

Penalties :
T.J. Oshie (COL) for Hooking (Minor) at 7:18, Kyle Quincey (COL) for Tripping (Minor) at 9:34, Jeff Finger (COL) for Cross-checking (Minor) at 12:42, Jeff Finger (COL) for High sticking (Minor) at 14:48

Period #3

2. RedWings , Zach Parise 5 (Jarome Iginla, Travis Zajac) at 13:44

Penalties :
Paul Ranger (COL) for Hooking (Minor) at 1:44, Mike Fisher (COL) for Holding (Minor) at 2:35, Kyle Quincey (COL) for Hooking (Minor) at 5:39, Jeff Finger (COL) for Interference (Minor) at 16:11

Overtime #1

3. RedWings , Colin White 1 (Jarome Iginla, Travis Zajac) at 9:52

Penalties :
Colin White (DET) for Roughing (Minor) at 0:23, Keith Yandle (DET) for Hooking (Minor) at 2:44, Cam Barker (COL) for Roughing (Minor) at 6:45

Goalie Stats

Steve Mason (COL), 32 saves from 34 shots - (0.941), OTL, 2-2-1, 69:53 minutes
Tim Thomas (DET), 16 saves from 17 shots - (0.941), W, 4-2-0, 69:53 minutes

Players Stats

Avalanche
Player Name              G  A  P  +/- PIM S  H  SB FO    MP 
------------------------------------------------------------
Andrew Ebbett            0  0  0   0  0   0  0  0  3/13  15 
Cam Barker               0  0  0   0  7   0  2  1  0/0   19 
Curtis Glencross         0  0  0   0  0   0  5  0  1/1   22 
Daniel Alfredsson        0  0  0   0  0   2  0  0  2/5   18 
Daniel Briere            0  0  0   0  0   1  1  0  1/1   15 
Derek Roy                0  0  0   0  0   0  0  0  16/29 23 
Jeff Finger              0  0  0   0  6   0  2  1  0/0   21 
Joe Corvo                0  0  0  -1  2   1  0  5  0/0   27 
Kyle Quincey             0  1  1   1  6   0  3  1  0/0   19 
Mark Recchi              0  0  0   0  0   2  0  0  0/1   17 
Mike Fisher              0  0  0  -1  2   0  1  0  12/18 14 
Mike Knuble              0  0  0   0  0   5  1  0  0/0   17 
Paul Ranger              0  0  0   0  2   2  3  1  0/0   21 
Sheldon Souray           0  0  0  -2  0   1  0  0  0/0   27 
T.J. Oshie               0  0  0   0  2   0  0  0  0/0   13 
Tim Connolly             1  0  1   0  0   3  0  0  10/14 18 
Troy Brouwer             0  0  0  -1  0   0  0  0  2/3   5  
Wojtek Wolski            0  0  0  -1  0   0  0  0  1/2   15 
RedWings
Player Name              G  A  P  +/- PIM S  H  SB FO    MP 
------------------------------------------------------------
Aaron Voros              0  0  0   0  0   0  0  0  0/1   2  
Brendan Witt             0  0  0   0  0   1  2  1  0/0   23 
Brian Campbell           0  0  0   0  0   2  0  2  0/0   26 
Colin White              1  0  1   2  2   1  1  0  0/0   20 
David Hale               0  0  0  -1  0   1  0  0  0/0   12 
Jarome Iginla            0  2  2   2  5   7  1  0  1/1   23 
Jean-Pierre Dumont       0  0  0  -1  0   1  0  0  0/1   16 
Joe Callahan             0  0  0   0  0   0  0  1  0/0   3  
Keith Yandle             0  0  0  -1  2   2  0  0  0/0   22 
Marty Reasoner           0  0  0  -1  0   1  0  3  6/18  19 
Mike Cammalleri          0  0  0   0  0   3  1  0  3/4   22 
Paul Martin              0  0  0   2  0   4  0  2  0/0   26 
Pavol Demitra            0  0  0  -1  0   3  0  0  0/0   22 
Ray Whitney              0  0  0   0  0   3  1  0  1/2   24 
Ryan Getzlaf             0  0  0   0  2   1  2  0  10/20 23 
Travis Zajac             0  2  2   2  0   0  0  0  18/37 27 
Ville Peltonen           0  0  0   0  0   0  1  0  0/0   9  
Zach Parise              1  0  1   2  0   4  0  0  0/3   25 

3 Stars

1 - Travis Zajac (DET)
2 - Zach Parise (DET)
3 - Steve Mason (COL)

Power Play

Avalanche - 0 on 3 Attempt(s) - 0.00%
RedWings - 0 on 11 Attempt(s) - 0.00%

Penalty Kill

Avalanche - 11 on 11 Attempt(s) - 100.00% - Score 0 goal in Penalty Kill
RedWings - 3 on 3 Attempt(s) - 100.00% - Score 0 goal in Penalty Kill

Game Notes

Jarome Iginla and Cam Barker fight to a draw at 2:43 of 1st period

Finance

Level 1 -- Attendance: 6297 (96.88%) -- Ticket Income $629,700.00
Level 2 -- Attendance: 4726 (94.52%) -- Ticket Income $283,560.00
Level 3 -- Attendance: 3227 (92.20%) -- Ticket Income $112,945.00
Level 4 -- Attendance: 2978 (73.24%) -- Ticket Income $59,560.00
Luxury Box -- Attendance: 972 (97.20%) -- Ticket Income $194,400.00
Game was played at the Joe Louis Arena
Total Attendance: 18200 (90.70%)
Total Ticket Income: $1,387,190.00
Other Income: $416,157.11
Total Income: $1,803,347.00


Play by Play

Period #1

0:01 of 1st period - Derek Roy wins face-off versus Travis Zajac in neutral zone.
0:10 of 1st period - Shot by Derek Roy.
0:10 of 1st period - Shot Blocked by Paul Martin.
0:25 of 1st period - Shot by Daniel Alfredsson.
0:25 of 1st period - Shot Misses the Net.
1:03 of 1st period - Shot by Mark Recchi.
1:03 of 1st period - Stopped by Tim Thomas without a rebound.
1:04 of 1st period - Ryan Getzlaf wins face-off versus Andrew Ebbett in RedWings zone.
1:25 of 1st period - Shot by Ray Whitney.
1:25 of 1st period - Deflect By Ryan Getzlaf.
1:25 of 1st period - Shot Misses the Net.
1:27 of 1st period - Shot by Brian Campbell.
1:27 of 1st period - Shot Misses the Net.
1:31 of 1st period - Shot by Ray Whitney.
1:31 of 1st period - Shot Misses the Net.
1:33 of 1st period - Shot by Ryan Getzlaf.
1:33 of 1st period - Shot Misses the Net.
1:49 of 1st period - Brendan Witt is hit by Curtis Glencross and loses puck.
1:55 of 1st period - Off-side.
1:56 of 1st period - Tim Connolly wins face-off versus Marty Reasoner in neutral zone.
2:24 of 1st period - Shot by Mike Knuble.
2:24 of 1st period - Stopped by Tim Thomas without a rebound.
2:25 of 1st period - Derek Roy wins face-off versus Travis Zajac in RedWings zone.
2:43 of 1st period - Jarome Iginla and Cam Barker fight to a draw.
2:43 of 1st period - Penalty to Jarome Iginla for Fighting.
2:43 of 1st period - Penalty to Cam Barker for Fighting.
2:44 of 1st period - Marty Reasoner wins face-off versus Troy Brouwer in Avalanche zone.
3:07 of 1st period - Shot by Wojtek Wolski.
3:07 of 1st period - Shot Misses the Net.
3:53 of 1st period - Keith Yandle is hit by Curtis Glencross and loses puck.
4:48 of 1st period - Shot by Tim Connolly.
4:48 of 1st period - Shot Misses the Net.
4:59 of 1st period - Off-side.
5:00 of 1st period - Derek Roy wins face-off versus Marty Reasoner in neutral zone.
5:00 of 1st period - Derek Roy is hit by Ville Peltonen.
5:13 of 1st period - Shot by Ray Whitney.
5:13 of 1st period - Shot Blocked by Joe Corvo.
5:15 of 1st period - Shot by Brendan Witt.
5:15 of 1st period - Shot Blocked by Joe Corvo.
5:17 of 1st period - Shot by Marty Reasoner.
5:17 of 1st period - Shot Misses the Net.
5:19 of 1st period - Shot by Brendan Witt.
5:19 of 1st period - Stopped by Steve Mason without a rebound.
5:20 of 1st period - Marty Reasoner wins face-off versus Andrew Ebbett in Avalanche zone.
6:15 of 1st period - Icing by Keith Yandle.
6:16 of 1st period - Troy Brouwer wins face-off versus Marty Reasoner in RedWings zone.
6:54 of 1st period - Shot by Ray Whitney.
6:54 of 1st period - Shot Misses the Net.
7:04 of 1st period - Shot by Brian Campbell.
7:04 of 1st period - Stopped by Steve Mason with a rebound.
7:22 of 1st period - Troy Brouwer is hit by Colin White and loses puck.
7:56 of 1st period - Shot by Zach Parise.
7:56 of 1st period - Shot Misses the Net.
8:00 of 1st period - Shot by Zach Parise.
8:00 of 1st period - Shot Misses the Net.
8:17 of 1st period - Icing by Ray Whitney.
8:18 of 1st period - Ryan Getzlaf wins face-off versus Andrew Ebbett in RedWings zone.
8:18 of 1st period - Ryan Getzlaf is hit by Curtis Glencross.
8:21 of 1st period - Icing by Brian Campbell.
8:22 of 1st period - Ryan Getzlaf wins face-off versus Andrew Ebbett in RedWings zone.
8:30 of 1st period - Curtis Glencross is hit by Brendan Witt and loses puck.
9:31 of 1st period - Icing by Jeff Finger.
9:32 of 1st period - Tim Connolly wins face-off versus Travis Zajac in Avalanche zone.
9:34 of 1st period - Icing by Mark Recchi.
9:35 of 1st period - Travis Zajac wins face-off versus Tim Connolly in Avalanche zone.
11:26 of 1st period - Icing by Daniel Briere.
11:27 of 1st period - Ray Whitney wins face-off versus Derek Roy in Avalanche zone.
11:50 of 1st period - Shot by Ryan Getzlaf.
11:50 of 1st period - Shot Misses the Net.
11:54 of 1st period - Shot by Brian Campbell.
11:54 of 1st period - Shot Misses the Net.
11:57 of 1st period - Minor Penalty to Ryan Getzlaf for Holding.
11:58 of 1st period - Tim Connolly wins face-off versus Travis Zajac in RedWings zone.
12:23 of 1st period - Paul Martin is hit by Daniel Briere and loses puck.
12:41 of 1st period - Icing by Mike Knuble.
12:42 of 1st period - Travis Zajac wins face-off versus Derek Roy in Avalanche zone.
12:53 of 1st period - Shot by Jeff Finger.
12:53 of 1st period - Shot Misses the Net.
12:55 of 1st period - Shot by Mike Knuble.
12:55 of 1st period - Stopped by Tim Thomas without a rebound.
12:56 of 1st period - Derek Roy wins face-off versus Marty Reasoner in RedWings zone.
13:11 of 1st period - Shot by Sheldon Souray.
13:11 of 1st period - Shot Hit the Post.
13:13 of 1st period - Shot by Mike Knuble.
13:13 of 1st period - Shot Blocked by Brian Campbell.
13:15 of 1st period - Shot by Mike Knuble.
13:15 of 1st period - Stopped by Tim Thomas without a rebound.
13:16 of 1st period - Curtis Glencross wins face-off versus Marty Reasoner in RedWings zone.
13:31 of 1st period - Shot by Curtis Glencross.
13:31 of 1st period - Shot Misses the Net.
13:43 of 1st period - Shot by Cam Barker.
13:43 of 1st period - Shot Blocked by Joe Callahan.
13:45 of 1st period - Shot by Curtis Glencross.
13:45 of 1st period - Deflect By Daniel Alfredsson.
13:45 of 1st period - Stopped by Tim Thomas with a rebound.
14:03 of 1st period - Shot by T.J. Oshie.
14:03 of 1st period - Shot Misses the Net.
14:05 of 1st period - Shot by Curtis Glencross.
14:05 of 1st period - Shot Misses the Net.
14:07 of 1st period - Shot by Paul Ranger.
14:07 of 1st period - Stopped by Tim Thomas without a rebound.
14:08 of 1st period - Troy Brouwer wins face-off versus Jean-Pierre Dumont in RedWings zone.
14:19 of 1st period - Shot by Jean-Pierre Dumont.
14:19 of 1st period - Stopped by Steve Mason without a rebound.
14:19 of 1st period - Minor Penalty to Joe Corvo for Tripping.
14:20 of 1st period - Ryan Getzlaf wins face-off versus Derek Roy in Avalanche zone.
14:51 of 1st period - Shot by Mike Cammalleri.
14:51 of 1st period - Stopped by Steve Mason without a rebound.
14:52 of 1st period - Travis Zajac wins face-off versus Derek Roy in Avalanche zone.
15:22 of 1st period - Icing by Pavol Demitra.
15:23 of 1st period - Travis Zajac wins face-off versus Mike Fisher in RedWings zone.
16:23 of 1st period - Ville Peltonen is hit by Cam Barker and loses puck.
17:18 of 1st period - Tim Connolly is hit by Jarome Iginla and loses puck.
17:34 of 1st period - Jarome Iginla is hit by Jeff Finger and loses puck.
17:40 of 1st period - Icing by Mike Knuble.
17:41 of 1st period - Marty Reasoner wins face-off versus Tim Connolly in Avalanche zone.
17:43 of 1st period - Jean-Pierre Dumont is hit by Jeff Finger and loses puck.
17:56 of 1st period - Shot by Tim Connolly.
17:56 of 1st period - Goal by Tim Connolly - Avalanche : 1 - RedWings : 0.
17:57 of 1st period - Mike Fisher wins face-off versus Ryan Getzlaf in neutral zone.
18:01 of 1st period - Wojtek Wolski is hit by Brendan Witt and loses puck.
18:07 of 1st period - Icing by Brendan Witt.
18:08 of 1st period - Ryan Getzlaf wins face-off versus Andrew Ebbett in RedWings zone.
18:45 of 1st period - Jean-Pierre Dumont is hit by Kyle Quincey.
18:46 of 1st period - Minor Penalty to Kyle Quincey for Tripping.
18:47 of 1st period - Derek Roy wins face-off versus Travis Zajac in Avalanche zone.
19:35 of 1st period - Off-side.
19:36 of 1st period - Mike Fisher wins face-off versus Ryan Getzlaf in neutral zone.

Period #2

0:01 of 2nd period - Travis Zajac wins face-off versus Mike Fisher in neutral zone.
0:28 of 2nd period - Shot by Pavol Demitra.
0:28 of 2nd period - Shot Misses the Net.
0:52 of 2nd period - Shot by Mike Cammalleri.
0:52 of 2nd period - Shot Blocked by Cam Barker.
1:48 of 2nd period - Icing by Mike Knuble.
1:49 of 2nd period - Tim Connolly wins face-off versus Marty Reasoner in Avalanche zone.
2:06 of 2nd period - Shot by Sheldon Souray.
2:06 of 2nd period - Stopped by Tim Thomas without a rebound.
2:07 of 2nd period - Travis Zajac wins face-off versus Andrew Ebbett in RedWings zone.
2:07 of 2nd period - Travis Zajac is hit by Curtis Glencross.
2:17 of 2nd period - Shot by Jarome Iginla.
2:17 of 2nd period - Stopped by Steve Mason with a rebound.
2:19 of 2nd period - Shot by Colin White.
2:19 of 2nd period - Shot Blocked by Paul Ranger.
2:21 of 2nd period - Shot by Jarome Iginla.
2:21 of 2nd period - Shot Hit the Post.
2:36 of 2nd period - Icing by Zach Parise.
2:37 of 2nd period - Mike Fisher wins face-off versus Travis Zajac in RedWings zone.
2:38 of 2nd period - Shot by Sheldon Souray.
2:38 of 2nd period - Shot Misses the Net.
2:41 of 2nd period - Icing by Colin White.
2:42 of 2nd period - Derek Roy wins face-off versus Travis Zajac in RedWings zone.
2:45 of 2nd period - Shot by Daniel Briere.
2:45 of 2nd period - Shot Misses the Net.
3:46 of 2nd period - Ray Whitney is hit by Cam Barker and loses puck.
4:11 of 2nd period - Shot by Pavol Demitra.
4:11 of 2nd period - Stopped by Steve Mason with a rebound.
4:17 of 2nd period - Marty Reasoner is hit by Mike Knuble and loses puck.
4:30 of 2nd period - Shot by Tim Connolly.
4:30 of 2nd period - Stopped by Tim Thomas without a rebound.
4:31 of 2nd period - Travis Zajac wins face-off versus Andrew Ebbett in RedWings zone.
4:31 of 2nd period - Travis Zajac is hit by Curtis Glencross.
5:02 of 2nd period - Shot by Zach Parise.
5:02 of 2nd period - Stopped by Steve Mason without a rebound.
5:03 of 2nd period - Ryan Getzlaf wins face-off versus Tim Connolly in Avalanche zone.
6:42 of 2nd period - Jarome Iginla is hit by Paul Ranger and loses puck.
6:55 of 2nd period - Shot by T.J. Oshie.
6:55 of 2nd period - Shot Misses the Net.
7:18 of 2nd period - Minor Penalty to T.J. Oshie for Hooking.
7:19 of 2nd period - Derek Roy wins face-off versus Ryan Getzlaf in Avalanche zone.
7:25 of 2nd period - Icing by Mike Cammalleri.
7:26 of 2nd period - Derek Roy wins face-off versus Ray Whitney in RedWings zone.
8:15 of 2nd period - Shot by Brian Campbell.
8:15 of 2nd period - Shot Misses the Net.
8:17 of 2nd period - Shot by Jarome Iginla.
8:17 of 2nd period - Stopped by Steve Mason without a rebound.
8:18 of 2nd period - Derek Roy wins face-off versus Travis Zajac in Avalanche zone.
8:40 of 2nd period - Shot by Brian Campbell.
8:40 of 2nd period - Shot Blocked by Joe Corvo.
9:31 of 2nd period - Shot by Marty Reasoner.
9:31 of 2nd period - Shot Misses the Net.
9:33 of 2nd period - Shot by Marty Reasoner.
9:33 of 2nd period - Stopped by Steve Mason without a rebound.
9:34 of 2nd period - Marty Reasoner wins face-off versus Andrew Ebbett in Avalanche zone.
9:34 of 2nd period - Minor Penalty to Kyle Quincey for Tripping.
9:35 of 2nd period - Mike Cammalleri wins face-off versus Derek Roy in Avalanche zone.
10:32 of 2nd period - Shot by Jarome Iginla.
10:32 of 2nd period - Stopped by Steve Mason without a rebound.
10:33 of 2nd period - Mike Fisher wins face-off versus Marty Reasoner in Avalanche zone.
11:50 of 2nd period - Shot by Ray Whitney.
11:50 of 2nd period - Stopped by Steve Mason without a rebound.
11:51 of 2nd period - Daniel Briere wins face-off versus Travis Zajac in Avalanche zone.
12:19 of 2nd period - Shot by Daniel Briere.
12:19 of 2nd period - Shot Misses the Net.
12:42 of 2nd period - Minor Penalty to Jeff Finger for Cross-checking.
12:43 of 2nd period - Ryan Getzlaf wins face-off versus Mike Fisher in Avalanche zone.
12:50 of 2nd period - Shot by Paul Martin.
12:50 of 2nd period - Stopped by Steve Mason without a rebound.
12:51 of 2nd period - Derek Roy wins face-off versus Travis Zajac in Avalanche zone.
13:12 of 2nd period - Shot by Brian Campbell.
13:12 of 2nd period - Shot Misses the Net.
13:53 of 2nd period - Icing by Ryan Getzlaf.
13:54 of 2nd period - Ryan Getzlaf wins face-off versus Derek Roy in RedWings zone.
14:01 of 2nd period - Shot by Paul Martin.
14:01 of 2nd period - Shot Misses the Net.
14:03 of 2nd period - Shot by Paul Martin.
14:03 of 2nd period - Shot Blocked by Joe Corvo.
14:05 of 2nd period - Shot by Paul Martin.
14:05 of 2nd period - Shot Misses the Net.
14:07 of 2nd period - Shot by Ray Whitney.
14:07 of 2nd period - Shot Misses the Net.
14:09 of 2nd period - Shot by Paul Martin.
14:09 of 2nd period - Stopped by Steve Mason without a rebound.
14:10 of 2nd period - Mike Fisher wins face-off versus Ryan Getzlaf in Avalanche zone.
14:25 of 2nd period - Shot by Mike Cammalleri.
14:25 of 2nd period - Shot Misses the Net.
14:27 of 2nd period - Shot by Paul Martin.
14:27 of 2nd period - Shot Misses the Net.
14:35 of 2nd period - Shot by Ryan Getzlaf.
14:35 of 2nd period - Stopped by Steve Mason without a rebound.
14:36 of 2nd period - Travis Zajac wins face-off versus Derek Roy in Avalanche zone.
14:48 of 2nd period - Minor Penalty to Jeff Finger for High sticking.
14:49 of 2nd period - Derek Roy wins face-off versus Travis Zajac in Avalanche zone.
14:59 of 2nd period - Off-side.
15:00 of 2nd period - Mike Fisher wins face-off versus Mike Cammalleri in neutral zone.
15:17 of 2nd period - Shot by Mike Cammalleri.
15:17 of 2nd period - Stopped by Steve Mason without a rebound.
15:18 of 2nd period - Travis Zajac wins face-off versus Mike Fisher in Avalanche zone.
16:14 of 2nd period - Shot by Keith Yandle.
16:14 of 2nd period - Stopped by Steve Mason without a rebound.
16:15 of 2nd period - Mike Fisher wins face-off versus Travis Zajac in Avalanche zone.
17:37 of 2nd period - Shot by Ryan Getzlaf.
17:37 of 2nd period - Shot Misses the Net.
17:48 of 2nd period - Icing by Mike Knuble.
17:49 of 2nd period - Jarome Iginla wins face-off versus Mark Recchi in Avalanche zone.
18:07 of 2nd period - Travis Zajac is hit by Kyle Quincey and loses puck.
18:12 of 2nd period - Shot by Jarome Iginla.
18:12 of 2nd period - Stopped by Steve Mason without a rebound.
18:13 of 2nd period - Derek Roy wins face-off versus Marty Reasoner in Avalanche zone.
18:18 of 2nd period - Shot by Daniel Alfredsson.
18:18 of 2nd period - Shot Misses the Net.
19:08 of 2nd period - Icing by T.J. Oshie.
19:09 of 2nd period - Andrew Ebbett wins face-off versus Zach Parise in Avalanche zone.
19:11 of 2nd period - Icing by T.J. Oshie.
19:12 of 2nd period - Travis Zajac wins face-off versus Andrew Ebbett in Avalanche zone.
19:15 of 2nd period - Shot by Jarome Iginla.
19:15 of 2nd period - Stopped by Steve Mason with a rebound.
19:29 of 2nd period - Shot by Zach Parise.
19:29 of 2nd period - Shot Misses the Net.
19:31 of 2nd period - Shot by Jarome Iginla.
19:31 of 2nd period - Shot Blocked by Kyle Quincey.

Period #3

0:01 of 3rd period - Travis Zajac wins face-off versus Derek Roy in neutral zone.
0:06 of 3rd period - Shot by Jarome Iginla.
0:06 of 3rd period - Stopped by Steve Mason without a rebound.
0:07 of 3rd period - Tim Connolly wins face-off versus Ryan Getzlaf in Avalanche zone.
0:47 of 3rd period - Shot by Ray Whitney.
0:47 of 3rd period - Stopped by Steve Mason without a rebound.
0:48 of 3rd period - Travis Zajac wins face-off versus Daniel Alfredsson in Avalanche zone.
0:51 of 3rd period - Shot by Zach Parise.
0:51 of 3rd period - Stopped by Steve Mason with a rebound.
1:44 of 3rd period - Minor Penalty to Paul Ranger for Hooking.
1:45 of 3rd period - Mike Cammalleri wins face-off versus Mike Fisher in Avalanche zone.
2:35 of 3rd period - Minor Penalty to Mike Fisher for Holding.
2:36 of 3rd period - Travis Zajac wins face-off versus Daniel Alfredsson in Avalanche zone.
2:53 of 3rd period - Shot by Jarome Iginla.
2:53 of 3rd period - Shot Hit the Post.
2:57 of 3rd period - Shot by Zach Parise.
2:57 of 3rd period - Stopped by Steve Mason without a rebound.
2:58 of 3rd period - Ryan Getzlaf wins face-off versus Wojtek Wolski in Avalanche zone.
2:59 of 3rd period - Shot by Mike Cammalleri.
2:59 of 3rd period - Stopped by Steve Mason without a rebound.
3:00 of 3rd period - Wojtek Wolski wins face-off versus Ryan Getzlaf in Avalanche zone.
4:08 of 3rd period - Icing by Brian Campbell.
4:09 of 3rd period - Tim Connolly wins face-off versus Travis Zajac in RedWings zone.
4:54 of 3rd period - Shot by Daniel Briere.
4:54 of 3rd period - Stopped by Tim Thomas without a rebound.
4:55 of 3rd period - Marty Reasoner wins face-off versus Andrew Ebbett in RedWings zone.
5:39 of 3rd period - Minor Penalty to Kyle Quincey for Hooking.
5:40 of 3rd period - Ryan Getzlaf wins face-off versus Derek Roy in Avalanche zone.
7:02 of 3rd period - Shot by Ryan Getzlaf.
7:02 of 3rd period - Shot Misses the Net.
7:04 of 3rd period - Shot by Keith Yandle.
7:04 of 3rd period - Shot Misses the Net.
7:06 of 3rd period - Shot by Paul Martin.
7:06 of 3rd period - Stopped by Steve Mason without a rebound.
7:07 of 3rd period - Mike Fisher wins face-off versus Travis Zajac in Avalanche zone.
8:15 of 3rd period - Icing by Mark Recchi.
8:16 of 3rd period - Tim Connolly wins face-off versus Aaron Voros in Avalanche zone.
9:43 of 3rd period - Off-side.
9:44 of 3rd period - Mike Fisher wins face-off versus Marty Reasoner in neutral zone.
9:56 of 3rd period - Shot by Jean-Pierre Dumont.
9:56 of 3rd period - Deflect By Marty Reasoner.
9:56 of 3rd period - Shot Misses the Net.
10:00 of 3rd period - Shot by Keith Yandle.
10:00 of 3rd period - Stopped by Steve Mason without a rebound.
10:01 of 3rd period - Mike Cammalleri wins face-off versus Tim Connolly in Avalanche zone.
10:55 of 3rd period - Shot by Jean-Pierre Dumont.
10:55 of 3rd period - Shot Misses the Net.
10:57 of 3rd period - Shot by David Hale.
10:57 of 3rd period - Stopped by Steve Mason without a rebound.
10:58 of 3rd period - Travis Zajac wins face-off versus Daniel Alfredsson in Avalanche zone.
11:03 of 3rd period - Shot by Zach Parise.
11:03 of 3rd period - Shot Blocked by Joe Corvo.
11:26 of 3rd period - Shot by Daniel Briere.
11:26 of 3rd period - Shot Blocked by Paul Martin.
11:30 of 3rd period - Shot by Derek Roy.
11:30 of 3rd period - Shot Misses the Net.
11:32 of 3rd period - Shot by Daniel Briere.
11:32 of 3rd period - Shot Misses the Net.
11:34 of 3rd period - Shot by Daniel Alfredsson.
11:34 of 3rd period - Stopped by Tim Thomas without a rebound.
11:35 of 3rd period - Marty Reasoner wins face-off versus Mike Fisher in RedWings zone.
11:35 of 3rd period - Marty Reasoner is hit by Mike Fisher.
12:12 of 3rd period - Off-side.
12:13 of 3rd period - Daniel Alfredsson wins face-off versus Ryan Getzlaf in neutral zone.
12:31 of 3rd period - Mike Cammalleri is hit by Kyle Quincey and loses puck.
13:07 of 3rd period - Jeff Finger is hit by Ryan Getzlaf and loses puck.
13:44 of 3rd period - Shot by Zach Parise.
13:44 of 3rd period - Goal by Zach Parise - Avalanche : 1 - RedWings : 1.
13:45 of 3rd period - Derek Roy wins face-off versus Marty Reasoner in neutral zone.
14:17 of 3rd period - Shot by Pavol Demitra.
14:17 of 3rd period - Stopped by Steve Mason with a rebound.
14:19 of 3rd period - Shot by Pavol Demitra.
14:19 of 3rd period - Stopped by Steve Mason without a rebound.
14:20 of 3rd period - Andrew Ebbett wins face-off versus Travis Zajac in Avalanche zone.
15:20 of 3rd period - Mike Cammalleri is hit by Paul Ranger and loses puck.
15:26 of 3rd period - Ryan Getzlaf is hit by Paul Ranger and loses puck.
15:40 of 3rd period - Icing by Kyle Quincey.
15:41 of 3rd period - Andrew Ebbett wins face-off versus Zach Parise in Avalanche zone.
15:54 of 3rd period - Shot by Ray Whitney.
15:54 of 3rd period - Stopped by Steve Mason with a rebound.
15:56 of 3rd period - Shot by Zach Parise.
15:56 of 3rd period - Shot Blocked by Jeff Finger.
15:58 of 3rd period - Shot by Paul Martin.
15:58 of 3rd period - Stopped by Steve Mason with a rebound.
16:11 of 3rd period - Minor Penalty to Jeff Finger for Interference.
16:12 of 3rd period - Travis Zajac wins face-off versus Derek Roy in Avalanche zone.
16:43 of 3rd period - Shot by Jarome Iginla.
16:43 of 3rd period - Shot Misses the Net.
17:41 of 3rd period - Shot by Brian Campbell.
17:41 of 3rd period - Stopped by Steve Mason without a rebound.
17:42 of 3rd period - Mike Fisher wins face-off versus Ryan Getzlaf in Avalanche zone.
17:42 of 3rd period - Mike Fisher is hit by Ryan Getzlaf.
19:06 of 3rd period - Shot by Jean-Pierre Dumont.
19:06 of 3rd period - Shot Misses the Net.
19:48 of 3rd period - Daniel Alfredsson is hit by Ray Whitney and loses puck.

Overtime #1

0:01 of 1st overtime period - Travis Zajac wins face-off versus Derek Roy in neutral zone.
0:22 of 1st overtime period - Shot by Daniel Alfredsson.
0:22 of 1st overtime period - Shot Misses the Net.
0:23 of 1st overtime period - Minor Penalty to Colin White for Roughing.
0:24 of 1st overtime period - Derek Roy wins face-off versus Travis Zajac in RedWings zone.
0:43 of 1st overtime period - Shot by Mike Knuble.
0:43 of 1st overtime period - Stopped by Tim Thomas with a rebound.
0:45 of 1st overtime period - Shot by Mark Recchi.
0:45 of 1st overtime period - Shot Blocked by Brian Campbell.
0:47 of 1st overtime period - Shot by Mark Recchi.
0:47 of 1st overtime period - Stopped by Tim Thomas without a rebound.
0:48 of 1st overtime period - Tim Connolly wins face-off versus Marty Reasoner in RedWings zone.
0:55 of 1st overtime period - Shot by Cam Barker.
0:55 of 1st overtime period - Shot Blocked by Marty Reasoner.
1:11 of 1st overtime period - Shot by Daniel Alfredsson.
1:11 of 1st overtime period - Deflect By Tim Connolly.
1:11 of 1st overtime period - Shot Blocked by Marty Reasoner.
1:13 of 1st overtime period - Shot by Tim Connolly.
1:13 of 1st overtime period - Shot Blocked by Brendan Witt.
1:17 of 1st overtime period - Shot by Daniel Alfredsson.
1:17 of 1st overtime period - Shot Misses the Net.
1:19 of 1st overtime period - Shot by Tim Connolly.
1:19 of 1st overtime period - Deflect By Daniel Alfredsson.
1:19 of 1st overtime period - Shot Blocked by Marty Reasoner.
1:21 of 1st overtime period - Shot by Joe Corvo.
1:21 of 1st overtime period - Stopped by Tim Thomas without a rebound.
1:22 of 1st overtime period - Derek Roy wins face-off versus Travis Zajac in RedWings zone.
1:25 of 1st overtime period - Shot by Mike Knuble.
1:25 of 1st overtime period - Stopped by Tim Thomas without a rebound.
1:26 of 1st overtime period - Travis Zajac wins face-off versus Derek Roy in RedWings zone.
2:44 of 1st overtime period - Minor Penalty to Keith Yandle for Hooking.
2:45 of 1st overtime period - Tim Connolly wins face-off versus Zach Parise in RedWings zone.
3:07 of 1st overtime period - Off-side.
3:08 of 1st overtime period - Derek Roy wins face-off versus Marty Reasoner in neutral zone.
4:30 of 1st overtime period - Shot by Daniel Briere.
4:30 of 1st overtime period - Shot Misses the Net.
6:43 of 1st overtime period - Daniel Alfredsson is hit by Mike Cammalleri and loses puck.
6:45 of 1st overtime period - Minor Penalty to Cam Barker for Roughing.
6:46 of 1st overtime period - Mike Fisher wins face-off versus Travis Zajac in Avalanche zone.
7:20 of 1st overtime period - Off-side.
7:21 of 1st overtime period - Daniel Alfredsson wins face-off versus Ryan Getzlaf in neutral zone.
8:12 of 1st overtime period - Shot by Jarome Iginla.
8:12 of 1st overtime period - Stopped by Steve Mason without a rebound.
8:13 of 1st overtime period - Travis Zajac wins face-off versus Derek Roy in Avalanche zone.
9:06 of 1st overtime period - Shot by T.J. Oshie.
9:06 of 1st overtime period - Shot Misses the Net.
9:10 of 1st overtime period - Shot by Andrew Ebbett.
9:10 of 1st overtime period - Shot Misses the Net.
9:12 of 1st overtime period - Shot by Paul Ranger.
9:12 of 1st overtime period - Stopped by Tim Thomas without a rebound.
9:13 of 1st overtime period - Tim Connolly wins face-off versus Ryan Getzlaf in RedWings zone.
9:35 of 1st overtime period - Shot by Sheldon Souray.
9:35 of 1st overtime period - Shot Misses the Net.
9:37 of 1st overtime period - Shot by Tim Connolly.
9:37 of 1st overtime period - Stopped by Tim Thomas without a rebound.
9:38 of 1st overtime period - Mike Fisher wins face-off versus Travis Zajac in RedWings zone.
9:50 of 1st overtime period - Shot by Jarome Iginla.
9:50 of 1st overtime period - Shot Misses the Net.
9:52 of 1st overtime period - Shot by Colin White.
9:52 of 1st overtime period - Goal by Colin White - Avalanche : 1 - RedWings : 2.


Output by the SimonT Hockey Simulator (STHS) for Stephane Roy -- Original Page W3C XHTML 1.0 Valid